 Dungeon Crawl Stone Soup version 0.30-a0-802-gb92711bcdf (webtiles) character file.

Game seed: 11979164051997848151

1148 Dittersdorf the Covered (level 8, 0/51 HPs)
             Began as a Gargoyle Fighter on Feb 23, 2023.
             Was a Believer of Okawaru.
             Slain by a necrophage (5 damage)
             ... on level 6 of the Dungeon.
             The game lasted 00:09:17 (5321 turns).

Dittersdorf the Covered (Gargoyle Fighter)          Turns: 5321, Time: 00:09:18

Health: 0/51       AC: 19    Str: 23    XL:     8   Next: 38%
Magic:  8/8        EV:  7    Int:  8    God:    Okawaru [**....]
Gold:   389        SH:  5    Dex:  9    Spells: 7/7 levels left

rFire   . . .      SeeInvis .    a - +0 flail
rCold   . . .      Faith    .    c - +0 buckler
rNeg    + . .      Spirit   .    h - +0 chain mail
rPois   ∞          Reflect  .    (no helmet)
rElec   +          Harm     .    (no cloak)
rCorr   .          Rampage  .    (no gloves)
Will    +....                    (no boots) Stlth
                                 (no amulet)
HPRegen 0.28/turn                j - +4 ring of protection
MPRegen 0.11/turn                x - ring of willpower

@: no status effects
A: sickness immunity, AC +5, negative energy resistance 1, electricity
resistance, torment resistance 1, petrification resistance
a: Renounce Religion, Heroism


You were on level 6 of the Dungeon.
You worshipped Okawaru.
Okawaru was pleased with you.
You visited 1 branch of the dungeon, and saw 6 of its levels.

You collected 389 gold pieces.

Inventory:

Hand Weapons
 a - a +0 flail (weapon)
Missiles
 s - a curare-tipped dart (quivered)
Armour
 c - a +0 buckler (worn)
 h - a +0 chain mail (worn)
Jewellery
 j - a +4 ring of protection (left hand)
 x - a ring of willpower (right hand)
Scrolls
 b - a scroll of fog {unknown}
 e - 9 scrolls of identify {unknown}
 i - 3 scrolls of brand weapon {unknown}
 k - 3 scrolls of immolation {unknown}
 q - a scroll of amnesia {unknown}
 r - 2 scrolls of teleportation {unknown}
 u - a scroll of acquirement {unknown}
 w - a scroll of butterflies {unknown}
Potions
 d - a potion of might
 f - 3 potions of heal wounds {unknown}
 g - 3 potions of attraction {unknown}
 l - 2 potions of lignification {unknown}
 m - a potion of brilliance {unknown}
 n - 2 potions of ambrosia {unknown}
 o - 2 potions of degeneration {unknown}
 t - a potion of curing {unknown}
 v - a potion of haste {unknown}


   Skills:
 + Level 6.2 Fighting
 + Level 5.1 Maces & Flails
 + Level 6.2 Armour
 + Level 6.2 Shields


You had 7 spell levels left.
You didn't know any spells.
Your spell library contained the following spells:

 Spells                   Type           Power      Damage    Failure   Level
 Kiss of Death            Conj/Necr      0%         2d5       98%         1
 Poisonous Vapours        Pois/Air       0%         N/A       99%         2
 Confusing Touch          Hex            0%         N/A       100%        3
 Mephitic Cloud           Conj/Pois/Air  0%         N/A       100%        3
 Dispel Undead            Necr           0%         3d6       100%        4
 Cigotuvi's Dreadful Rot  Necr/Pois/Air  Unusable   N/A       N/A         2

Dungeon Overview and Level Annotations

Branches:
Dungeon (6/15)
 Temple: D:4-7

Altars:
Ashenzari
Cheibriados
Elyvilon
Okawaru
Qazlal
Vehumet
Wu Jian
The Shining One

Shops:
D:2 [


Innate Abilities, Weirdness & Mutations

You are immune to sickness and miasma.
Your stone body is resilient. (AC +5)
You are immune to poison.
You resist negative energy. (rN+)
You are resistant to electric shocks. (rElec)
You are resistant to unholy torment.
You are immune to petrification.


Message History

The necrophage closely misses you.
The necrophage hits you but does no damage.
You closely miss the necrophage.
The necrophage hits you but does no damage.
You hit the necrophage.
The necrophage is lightly damaged.
The necrophage hits you but does no damage.
You closely miss the necrophage.
The necrophage is lightly damaged.
The necrophage hits you.
* * * LOW HITPOINT WARNING * * *
You closely miss the necrophage.
The necrophage is lightly damaged.
The necrophage hits you but does no damage.
You closely miss the necrophage.
The necrophage is lightly damaged.
The necrophage hits you but does no damage.
You hit the necrophage.
The necrophage is moderately damaged.
You block the necrophage's attack. The necrophage hits you.
* * * LOW HITPOINT WARNING * * *
You closely miss the necrophage.
The necrophage is moderately damaged.
The necrophage barely misses you.
You hit the necrophage but do no damage.
The necrophage is moderately damaged.
The necrophage barely misses you.
You sock the necrophage!
The necrophage is severely damaged.
The necrophage hits you but does no damage.
You barely miss the necrophage.
The necrophage is severely damaged.
The necrophage hits you but does no damage. x2
You barely miss the necrophage.
The necrophage is severely damaged.
The necrophage closely misses you.
You hit the necrophage.
The necrophage is almost destroyed.
The necrophage hits you.
You die...

###
#.####...............#
#.# ##.............##
##.....#......#
##########.#.#
##...##...#.#
##....)......#
#............#
#######............#
#......@...........#
...###.n............#
###.###...##.....#
#...#.(..######.##
........##..#### ..#
......... .##
.........###
........## ...$....#


You could see a necrophage.

Vanquished Creatures
  Eustachio (D:5)
  A steam dragon (D:6)
  Edmund (D:5)
  A kobold brigand (D:4)
  2 scorpions
  A necrophage (D:5)
  An orc priest (D:3)
  A gnoll bouda (D:5)
  4 hounds
  4 iguanas
  3 gnolls
  7 adders
  2 shadow imps
  An ufetubus (D:5)
  5 worms
  A dart slug (D:3)
  10 orcs
  4 endoplasms
  3 giant cockroaches
  7 hobgoblins
  9 jackals
  29 kobolds
  6 quokkas
  10 ball pythons
  4 bats
  4 frilled lizards
  6 goblins
  4 rats
132 creatures vanquished.

Vanquished Creatures (others)
  A jelly (D:6)
  44 plants (D:4)
45 creatures vanquished.

Grand Total: 177 creatures vanquished

Notes
Turn   | Place    | Note
-------+----------+-------------------------------------------
     0 | D:1      | Dittersdorf the Gargoyle Fighter began the quest for the
                  | Orb.
     0 | D:1      | Reached XP level 1. HP: 14/14 MP: 1/1
    68 | D:1      | Found a faded altar of an unknown god.
   169 | D:1      | Reached XP level 2. HP: 17/19 MP: 2/2
   879 | D:2      | Reached XP level 3. HP: 23/23 MP: 3/3
  1209 | D:2      | Found Puoffam's Armour Shoppe.
  1520 | D:2      | Reached XP level 4. HP: 29/29 MP: 4/4
  2199 | D:3      | Reached XP level 5. HP: 22/33 MP: 5/5
  3117 | D:4      | Noticed a kobold brigand
  3142 | D:4      | Killed a kobold brigand
  3143 | D:4      | Reached XP level 6. HP: 18/39 MP: 6/6
  3265 | D:4      | Found an ornate altar of the Wu Jian Council.
  3541 | D:4      | Found a white marble altar of Elyvilon.
  3541 | D:4      | Found an iron altar of Okawaru.
  3556 | D:4      | Found a glowing golden altar of the Shining One.
  3558 | D:4      | Became a worshipper of Warmaster Okawaru
  3563 | D:4      | Found a faded altar of an unknown god.
  3565 | D:4      | Found a radiant altar of Vehumet.
  3605 | D:4      | Found a snail-covered altar of Cheibriados.
  3865 | D:5      | Entered Level 5 of the Dungeon
  3886 | D:5      | Found a broken altar of Ashenzari.
  4135 | D:5      | Found a stormy altar of Qazlal.
  4250 | D:5      | Reached skill level 5 in Fighting
  4282 | D:5      | Reached skill level 5 in Armour
  4282 | D:5      | Reached skill level 5 in Shields
  4326 | D:5      | Reached XP level 7. HP: 40/44 MP: 7/7
  4408 | D:5      | Noticed Eustachio
  4439 | D:5      | Killed Eustachio
  4439 | D:5      | Reached * piety under Okawaru
  4773 | D:5      | Noticed Edmund
  4784 | D:5      | Killed Edmund
  5083 | D:5      | Reached XP level 8. HP: 47/51 MP: 8/8
  5266 | D:6      | Reached skill level 5 in Maces & Flails
  5303 | D:6      | Reached ** piety under Okawaru
  5321 | D:6      | Slain by a necrophage

Illustrated notes

Levels and vault maps discovered:
D:1:      nicolae_arrival_memento_mori, layout_loops_cross,
          ebering_ecumenical_altar_abandoned, minivault_26,
          grunt_decor_fettered, minmay_tromino_v4_b
D:2:      layout_loops_ring, serial_shops, shop, kennysheep_doodads
D:3:      layout_basic, minmay_statues_item, chequers_serial_rivers_micro_b,
          minmay_close_crescents
D:4:      kennysheep_kobold_camp, layout_basic, nicolae_wu_jian_wuxing_cycle,
          slow_altar_2, chequers_temple_overflow_minitemple
D:5:      layout_gridville, ashenzari_altar_1, nicolae_qazlal_general_emergency,
          uniq_edmund, uniq_eustachio
D:6:      layout_rooms

Skill      XL: |  1  2  3  4  5  6  7  8 |
---------------+-------------------------+-----
Fighting       | 4 5 6 |  6.2
Shields        | 4 5 6 |  6.2
Armour         | 4 5 6 |  6.2
Maces & Flails | 3 4 5 |  5.1

Action                     |  1- 3 |  4- 6 |  7- 9 || total
---------------------------+-------+-------+-------++-------
  Melee: Flail             |   115 |   358 |   114 ||   587
  Throw: Dart              |       |       |     2 ||     2
    Use: Potion            |       |       |     2 ||     2
 Armour: Scale mail        |     3 |       |       ||     3
         Chain mail        |    71 |   278 |   119 ||   468
  Dodge: Dodged            |    28 |   146 |    58 ||   232
  Block: Buckler           |    22 |    79 |    33 ||   134

Table legend: (Time is in decaauts)
 A = Elapsed time spent in this place.
 B = Non-inter-level travel time spent in this place.
 C = Inter-level travel time spent in this place.
 D = Time resting spent in this place.
 E = Time spent auto-exploring this place.
 F = Levels seen in this place.
 G = Mean time per level.
                   A        B        C        D        E       F      G
               +--------+--------+--------+--------+--------+-----+--------+
         Total |   5487 |   5252 |    235 |    622 |   3335 |   6 |  914.5 |
       Dungeon |   5487 |   5252 |    235 |    622 |   3335 |   6 |  914.5 |
               +--------+--------+--------+--------+--------+-----+--------+

Top non-repeatable levels by time:
     D:4: 1331 daAuts
     D:5: 1139 daAuts
     D:2: 1128 daAuts
     D:1: 874 daAuts
     D:3: 771 daAuts
     D:6: 242 daAuts
